 Dungeon Crawl Stone Soup version 0.28.0-45-g0d030f2227 (webtiles) character file.

Game seed: 8175598406133444207

735 Ablot the Grasshopper (level 7, 0/56 HPs)
             Began as a Gnoll Warper on Apr 4, 2022.
             Was an Initiate of Elyvilon.
             Slain by Duvessa
             ... wielding a +1 short sword of flaming
              (18 damage)
             ... on level 4 of the Dungeon.
             The game lasted 00:06:36 (3350 turns).

Ablot the Grasshopper (Gnoll Warper)                Turns: 3350, Time: 00:06:37

Health: 0/56       AC:  6    Str: 12    XL:     7   Next: 74%
Magic:  15/15      EV: 13    Int: 19    God:    Elyvilon [......]
Gold:   64         SH:  0    Dex: 12    Spells: 15/17 levels left

rFire   . . .      SeeInvis .   n - +7 morningstar "Pyivogh" {vorpal, Int+7}
rCold   . . .      Faith    .   (no shield)
rNeg    . . .      Spirit   .   k - +2 robe {Will+}
rPois   .          Reflect  .   o - +2 hat
rElec   .          Harm     .   (no cloak)
rCorr   .          Rampage  .   (no gloves)
Will    +....                   (no boots)
Stlth   ++........              i - amulet of magic regeneration
HPRegen 0.18/turn               g - +4 ring of slaying
MPRegen 0.54/turn               (no ring)

@: no status effects
A: fangs 1, strong nose, distributed training
a: Renounce Religion


You were on level 4 of the Dungeon.
You worshipped Elyvilon.
Elyvilon was noncommittal.
You visited 2 branches of the dungeon, and saw 7 of its levels.

You collected 99 gold pieces.
You spent 35 gold pieces at shops.

Inventory:

Hand Weapons
 a - a +0 spear
 n - the +7 morningstar "Pyivogh" (weapon) {vorpal, Int+7}
   (You found it on level 2 of the Dungeon)

   It inflicts extra damage upon your enemies.
   Int:       It affects your intelligence (+7).
Missiles
 d - 5 boomerangs of dispersal
 f - 32 stones
 h - 5 poisoned darts (quivered)
 j - 56 arrows
 m - 14 sling bullets
 r - 4 boomerangs
Armour
 k - a +2 robe of willpower (worn)
 o - a +2 hat (worn)
Jewellery
 g - a +4 ring of slaying (left hand)
 i - an amulet of magic regeneration (around neck)
Wands
 w - a wand of flame (19)
Scrolls
 b - a scroll of silence {unknown}
 c - 2 scrolls of blinking
 e - a scroll of brand weapon {unknown}
 l - 2 scrolls of fear
 p - a scroll of vulnerability {unknown}
 t - 2 scrolls of identify {unknown}
 v - a scroll of teleportation {unknown}
Potions
 q - 2 potions of heal wounds {unknown}
 s - a potion of mutation {unknown}
 u - a potion of magic {unknown}


   Skills:
 + Level 5.3 Fighting
 + Level 2.6 Short Blades
 + Level 2.6 Long Blades
 + Level 2.6 Axes
 + Level 2.6 Maces & Flails
 + Level 5.3 Polearms
 + Level 2.6 Staves
 + Level 2.6 Slings
 + Level 2.6 Bows
 + Level 2.6 Crossbows
 + Level 3.7 Throwing
 + Level 3.7 Armour
 + Level 5.3 Dodging
 + Level 2.6 Stealth
 + Level 2.6 Shields
 + Level 2.6 Unarmed Combat
 + Level 5.7 Spellcasting
 + Level 2.1 Conjurations
 + Level 2.1 Hexes
 + Level 2.1 Summonings
 + Level 2.1 Necromancy
 + Level 5.9 Translocations
 + Level 2.1 Transmutations
 + Level 2.1 Fire Magic
 + Level 2.1 Ice Magic
 + Level 2.1 Air Magic
 + Level 2.1 Earth Magic
 + Level 2.1 Poison Magic
 + Level 3.0 Invocations
 + Level 2.6 Evocations


You had 15 spell levels left.
You knew the following spells:

 Your Spells              Type           Power      Damage    Failure   Level
a - Blink                 Tloc           54%        N/A       1%          2

Your spell library contained the following spells:

 Spells                   Type           Power      Damage    Failure   Level
 Gell's Gravitas          Tloc           27%        N/A       3%          3
 Lesser Beckoning         Tloc           27%        N/A       3%          3
 Teleport Other           Tloc           27%        N/A       3%          3
 Manifold Assault         Tloc           27%        N/A       28%         5
 Dispersal                Tloc           13%        N/A       83%         6
 Disjunction              Tloc           13%        N/A       100%        8


Dungeon Overview and Level Annotations

Branches:
Dungeon (6/15)             Temple (1/1) D:4

Altars:
Dithmenos
Elyvilon
Fedhas
Gozag
Hepliaklqana
Kikubaaqudgha
Makhleb
Qazlal
Ru
Trog
Uskayaw
Wu Jian
Xom
Yredelemnul
Zin

Shops:
D:1 [   D:2 *(**   D:3 :

Annotations:
D:4 Duvessa


Innate Abilities, Weirdness & Mutations

You have very sharp teeth.
Your uncanny sense of smell can sniff out nearby items.
Your experience applies equally to all skills.


Message History

Dowan shouts!
A giant cockroach comes into view.
Duvessa, Sister of Dowan comes into view.
She is wielding a +1 short sword of flaming.
Found a stone staircase leading down.
Dowan points at you and mumbles some strange words.
The puff of frost hits you.
Duvessa shouts!
You see here a +0 great mace.
You hear a shout!
You closely miss Dowan. Your bite misses Dowan. Dowan casts a spell at you.
The puff of frost misses you.
You barely miss Dowan. Dowan closely misses you. x2
You closely miss Dowan. Your bite misses Dowan. Dowan casts a spell at you.
The puff of frost hits you.
You bludgeon Dowan!!
Dowan is almost dead.
Dowan gestures at you while chanting. The puff of flame hits you!
You sock Dowan!
You kill Dowan!
Duvessa weeps, and shakes her weapon.
Duvessa goes berserk!
The giant cockroach bites you but does no damage.
Your Invocations skill increases to level 3!
You barely miss the giant cockroach. You bite the giant cockroach.
The giant cockroach is severely wounded.
Duvessa rages.
The giant cockroach bites you but does no damage.
Duvessa rages.
You impale the giant cockroach!!
You kill the giant cockroach!
Duvessa closely misses you.
You closely miss Duvessa. Your bite misses Duvessa. Duvessa closely misses you.
Duvessa hits you with a +1 short sword of flaming!
Duvessa burns you.
You barely miss Duvessa. You bite Duvessa, but do no damage.
Duvessa hits you with a +1 short sword of flaming!!
You die...

..# ..#####
##.....#
......# #.....#
#.....# ∆
#.#######.....#
.>....e@)..†..+
#########.....#
#.....#
######.##
#.......#
#.......#
#.......# .
#.......# ...
#.......#
##....


You could see Duvessa (berserk).

Vanquished Creatures
  A sky beast (D:6)
  A necrophage (D:4)
  A bullfrog (D:6)
  A scorpion (D:6)
  Dowan (D:4)
  A water moccasin skeleton (D:4)
  A jelly (D:4)
  3 hounds
  An orc priest (D:4)
  An orc wizard (D:4)
  5 gnolls
  3 adders
  2 dart slugs
  3 orcs
  9 endoplasms
  A giant cockroach (D:4)
  7 goblins
  8 hobgoblins
  5 kobolds
  3 quokkas
  8 ball pythons
  10 bats
  6 frilled lizards
  5 rats (D:1)
87 creatures vanquished.

Notes
Turn   | Place    | Note
-------+----------+-------------------------------------------
     0 | D:1      | Ablot the Gnoll Warper began the quest for the Orb.
     0 | D:1      | Reached XP level 1. HP: 20/20 MP: 6/6
   285 | D:1      | Reached XP level 2. HP: 25/26 MP: 7/7
   288 | D:1      | Learned a level 2 spell: Blink
   867 | D:1      | Reached XP level 3. HP: 31/31 MP: 9/9
   898 | D:1      | Reached skill level 5 in Spellcasting
   928 | D:1      | Found Viufuwyg's Antique Armour Emporium.
  1329 | D:2      | Reached skill level 1 in Invocations
  1553 | D:2      | Reached skill level 1 in Short Blades
  1553 | D:2      | Reached skill level 1 in Long Blades
  1553 | D:2      | Reached skill level 1 in Axes
  1553 | D:2      | Reached skill level 1 in Maces & Flails
  1553 | D:2      | Reached skill level 1 in Staves
  1553 | D:2      | Reached skill level 1 in Slings
  1553 | D:2      | Reached skill level 1 in Bows
  1553 | D:2      | Reached skill level 1 in Crossbows
  1553 | D:2      | Reached skill level 1 in Stealth
  1553 | D:2      | Reached skill level 1 in Shields
  1553 | D:2      | Reached skill level 1 in Unarmed Combat
  1553 | D:2      | Reached skill level 1 in Evocations
  1640 | D:2      | Reached XP level 4. HP: 38/38 MP: 11/11
  1714 | D:2      | Found Maof's General Store.
  1756 | D:2      | Reached skill level 1 in Conjurations
  1756 | D:2      | Reached skill level 1 in Hexes
  1756 | D:2      | Reached skill level 1 in Summonings
  1756 | D:2      | Reached skill level 1 in Necromancy
  1756 | D:2      | Reached skill level 1 in Transmutations
  1756 | D:2      | Reached skill level 1 in Fire Magic
  1756 | D:2      | Reached skill level 1 in Ice Magic
  1756 | D:2      | Reached skill level 1 in Air Magic
  1756 | D:2      | Reached skill level 1 in Earth Magic
  1756 | D:2      | Reached skill level 1 in Poison Magic
  1908 | D:2      | Bought a scroll of fear for 35 gold pieces
  2043 | D:2      | Found Foek's General Store.
  2067 | D:2      | Identified the +7 morningstar "Pyivogh" {vorpal, Int+7}
  2162 | D:2      | Found Voson's Assorted Antiques.
  2196 | D:2      | Found Viuttunk's Weapon Shoppe.
  2316 | D:3      | Found a faded altar of an unknown god.
  2587 | D:3      | Found Sobyib's Book Boutique.
  2632 | D:3      | Reached XP level 5. HP: 43/43 MP: 12/12
  2718 | D:3      | Found the +1 Delatra's gloves {ID++}
  2723 | D:3      | You fall into a shaft and drop 3 floors!
  2723 | D:6      | Noticed a sky beast
  2731 | D:6      | Killed a sky beast
  2732 | D:6      | Reached XP level 6. HP: 42/50 MP: 14/14
  2748 | D:6      | Reached skill level 5 in Fighting
  2748 | D:6      | Reached skill level 5 in Polearms
  2748 | D:6      | Reached skill level 5 in Dodging
  2761 | D:5      | Entered Level 5 of the Dungeon
  2835 | D:4      | Found an ancient bone altar of Kikubaaqudgha.
  2881 | D:4      | Reached XP level 7. HP: 43/56 MP: 15/15
  3030 | D:4      | Found a staircase to the Ecumenical Temple.
  3044 | Temple   | Entered the Ecumenical Temple
  3280 | Temple   | Became a worshipper of Elyvilon the Healer
  3338 | D:4      | Noticed Dowan
  3339 | D:4      | Noticed Duvessa
  3346 | D:4      | Killed Dowan
  3350 | D:4      | Slain by Duvessa

Illustrated notes

Levels and vault maps discovered:
D:1:      dpeg_arrival_pits, layout_basic, serial_shops, shop
D:2:      layout_basic, serial_shops, nicolae_shop_stone, shop, shop, shop,
          grunt_ministairs_4
D:3:      layout_rooms, hellmonk_ecumenical_altar_crossroads, serial_shops,
          nicolae_shop_trees, shop
D:4:      layout_basic, gammafunk_temple_overflow_forgotten,
          minmay_temple_entry_glass, cheibrodos_gnoll_hut, uniq_duvessa
D:5:      layout_cave_pools, mainiacjoe_overflow_alcove_4, serial_gnoll_camp,
          gnoll_camp_mini_basic, grums_kennel, gnoll_camp_medium_02,
          gnoll_camp_mini_house
D:6:      layout_gridville, serial_co_window_serial, co_window_paths_a,
          co_window_paths_a, co_window_corner_a, co_window_corner_a,
          co_window_paths_a, co_window_cross_3, co_window_broadway_a,
          co_window_corner_b, co_window_of_opportunity_c, co_window_broadway_c,
          co_window_broadway_c, co_window_4corner_a, glass_columns_a,
          glass_columns_a, glass_columns_a, serial_shops, nicolae_shop_stone
Temple:   eino_temple_water

Skill      XL: |  1  2  3  4  5  6  7 |
---------------+----------------------+-----
Spellcasting   | 5 |  5.7
Invocations    | 1 2 3 |  3.0
Short Blades   | 1 2 |  2.6
Long Blades    | 1 2 |  2.6
Axes           | 1 2 |  2.6
Maces & Flails | 1 2 |  2.6
Staves         | 1 2 |  2.6
Slings         | 1 2 |  2.6
Bows           | 1 2 |  2.6
Crossbows      | 1 2 |  2.6
Stealth        | 1 2 |  2.6
Shields        | 1 2 |  2.6
Unarmed Combat | 1 2 |  2.6
Evocations     | 1 2 |  2.6
Conjurations   | 1 2 |  2.1
Hexes          | 1 2 |  2.1
Summonings     | 1 2 |  2.1
Necromancy     | 1 2 |  2.1
Transmutations | 1 2 |  2.1
Fire Magic     | 1 2 |  2.1
Ice Magic      | 1 2 |  2.1
Air Magic      | 1 2 |  2.1
Earth Magic    | 1 2 |  2.1
Poison Magic   | 1 2 |  2.1
Throwing       | 3 |  3.7
Armour         | 3 |  3.7
Fighting       | 5 |  5.3
Polearms       | 5 |  5.3
Dodging        | 5 |  5.3
Translocations | |  5.9

Action                   |  1- 3 |  4- 6 |  7- 9 || total
-------------------------+-------+-------+-------++-------
Melee: Spear             |   106 |    24 |       ||   130
       Bite              |     6 |     3 |     4 ||    13
       Morningstar       |       |    38 |    32 ||    70
Throw: Dart              |     2 |     4 |       ||     6
 Stab: Sleeping          |     1 |     4 |     1 ||     6
Armor: Leather armour    |    19 |       |       ||    19
       Robe              |       |    18 |     7 ||    25
Dodge: Dodged            |    46 |    28 |    33 ||   107
